 Dungeon Crawl Stone Soup version 0.21-a0-531-gacddea6 (webtiles) character file.

5591 kiturien the Blocker (level 10, -5/84 HPs)
             Began as a Grey Draconian Fighter on Dec 13, 2017.
             Was an Elder of the Shining One.
             Slain by an orc warrior
             ... wielding a +0 dire flail
              (15 damage)
             ... on level 10 of the Dungeon.
             The game lasted 00:25:06 (9614 turns).

kiturien the Blocker (Grey Draconian Fighter)       Turns: 9614, Time: 00:25:07

Health: -5/84      AC: 18    Str: 18    XL:     10   Next: 45%
Magic:  15/15      EV: 15    Int: 10    God:    the Shining One [****..]
Gold:   216        SH: 11    Dex: 13    Spells: 13/15 levels left

rFire    . . .     SeeInvis .   K - +1 whip (flame)
rCold    . . .     Gourm    +   b - +0 shield
rNeg     + + .     Faith    .   (armour unavailable)
rPois    +         Spirit   .   h - +2 hat
rElec    .         Reflect  .   C - +0 cloak
rCorr    .         Harm     .   A - +1 pair of gloves
MR       +....                  y - +0 pair of boots {run}
Stlth    +.........             r - amulet of the gourmand
HPRegen  0.24/turn              D - ring of poison resistance
MPRegen  0.14/turn              t - ring of protection from magic

@: glowing, quick
A: walk through water, unfitting armour, unbreathing, cold-blooded, AC +12
a: Divine Shield, Cleansing Flame, Renounce Religion


You were on level 10 of the Dungeon.
You worshipped the Shining One.
The Shining One was greatly pleased with you.
You were very full.

You visited 1 branch of the dungeon, and saw 10 of its levels.

You collected 403 gold pieces.
You spent 187 gold pieces at shops.

Inventory:

Hand Weapons
 I - a +0 short sword
 K - a +1 whip of flaming (weapon)
Missiles
 G - 2 throwing nets (quivered)
Armour
 b - a +0 shield (worn)
 h - a +2 hat (worn)
 y - a +0 pair of boots of running (worn)
 A - a +1 pair of gloves (worn)
 C - a +0 cloak (worn)
Magical Staves
 B - an uncursed staff of air
Jewellery
 e - an uncursed ring of flight
 r - an amulet of the gourmand (around neck)
 t - a ring of protection from magic (right hand)
 D - a ring of poison resistance (left hand)
 E - an uncursed ring of resist corrosion
Wands
 j - a wand of digging (13)
 F - a wand of paralysis (17)
 H - a wand of iceblast (14)
Scrolls
 m - a scroll of vulnerability {unknown}
 n - a scroll of immolation
 p - 2 scrolls of enchant weapon {unknown}
 q - 2 scrolls of noise {unknown}
 u - a scroll of magic mapping {unknown}
 v - 6 scrolls of teleportation {unknown}
 w - a scroll of fog {unknown}
 x - a scroll of remove curse
Potions
 c - a potion of might
 i - a potion of lignification
 k - a potion of flight
 l - a potion of cancellation
 z - a potion of agility
 J - a potion of haste
Books
 s - a book of Battle

   Spells                             Type                      Level
   a - Infusion                       Charms                       1
   b - Shroud of Golubria             Charms/Translocation         2
   c - Song of Slaying                Charms                       2
   d - Spectral Weapon                Hexes/Charms                 3
   e - Regeneration                   Charms/Necromancy            3
Comestibles
 d - 9 bread rations
 f - 8 meat rations
 g - 7 royal jellies
 o - 8 fruits


   Skills:
 * Level 6.9 Fighting
   Level 3.5(6.1) Axes
 * Level 7.8(8.2) Maces & Flails
 * Level 7.2 Dodging
 * Level 8.2 Shields
 * Level 3.3 Spellcasting
 * Level 4.2 Invocations


You had 13 spell levels left.
You knew the following spells:

 Your Spells              Type           Power        Failure   Level  Hunger
a - Shroud of Golubria    Chrm/Tloc      #.........   67%         2    ###....


Dungeon Overview and Level Annotations

Branches:
Dungeon (10/15)            Temple (0/1) D:4             Orc (0/2) D:9
   Lair: D:8-11

Altars:
Elyvilon
Fedhas
Kikubaaqudgha
Nemelex Xobeh
Vehumet
The Shining One

Shops:
D:6 %=[

Annotations:
D:8 teukkam's ghost, novice GnWn


Innate Abilities, Weirdness & Mutations

You can walk through water.
Your dull iron-grey scales are very hard. (AC +12)
You cannot fit into any form of body armour.
You can survive without breathing.
You are cold-blooded and may be slowed by cold attacks.


Message History

The orc wizard blinks!
The orc warrior hits you with a dire flail!
* * * LOW HITPOINT WARNING * * *
The orc hits you but does no damage.
You hit the orc warrior but do no damage.
Your tail-slap misses the orc warrior.
The orc warrior is lightly wounded.
The orc wizard hits you with a whip.
* * * LOW HITPOINT WARNING * * *
You hit the orc warrior. You burn the orc warrior.
The orc warrior is moderately wounded.
You block the orc wizard's attack.
The orc warrior hits you with a dire flail!
* * * LOW HITPOINT WARNING * * *
You hit the orc warrior. You burn the orc warrior.
You tail-slap the orc warrior, but do no damage.
The orc warrior is heavily wounded.
You block the orc wizard's attack.
The orc warrior hits you with a dire flail!
You die...

##############
.........#...#
.......[.#...#
.........#...#
.........#.o.#
........oo@..#
....##..###+##
# #..# .....
......
#..#'### #.##.
#. ..


You could see an orc warrior, an orc wizard and an orc.

Vanquished Creatures
  A two-headed ogre (D:10)
  Pikel (D:7)
  Maurice (D:8)
  The ghost of RexLacerta the Poker, an amateur MfIE (D:5)
  A hippogriff (D:8)
  Grum (D:8)
  A hungry ghost (D:7)
  Menkaure (D:6)
  A water moccasin (D:10)
  A slave (D:7)
  Duvessa (D:4)
  An ice beast (D:6)
  An orc warrior (D:9)
  2 black bears
  2 phantoms
  5 ogres
  A necrophage (D:8)
  3 wolves (D:8)
  A bullfrog (D:7)
  Dowan (D:4)
  A scorpion (D:7)
  6 killer bees
  4 wights (D:8)
  The ghost of teukkam the Magician, a weakling GnWn (D:3)
  2 crimson imps
  A howler monkey (D:4)
  2 jellies (D:7)
  5 orc priests
  2 hounds
  3 bullfrog skeletons
  4 iguanas
  11 orc wizards
  7 worker ants
  A statue (D:7)
  A hound skeleton (D:8)
  A hound zombie (D:7)
  A worker ant zombie (D:5)
  A howler monkey zombie (D:6)
  6 adders
  2 shadow imps
  An ooze (D:1)
  An adder zombie (D:5)
  2 adder skeletons
  5 worms
  2 dart slugs (D:1)
  9 leopard geckos
  28 orcs
  A ball python (D:2)
  6 bats
  5 giant cockroaches
  7 hobgoblins
  5 quokkas
  2 frilled lizards
  A giant cockroach zombie (D:5)
  7 goblins
  A jackal zombie (D:7)
  3 kobolds
  A leopard gecko skeleton (D:4)
  A leopard gecko zombie (D:5)
  8 rats
186 creatures vanquished.

Vanquished Creatures (others)
  A human (D:7)
  A quasit (D:7)
  An adder (D:8)
3 creatures vanquished.

Grand Total: 189 creatures vanquished

Notes
Turn   | Place    | Note
-------+----------+-------------------------------------------
     0 | D:1      | kiturien the Draconian Fighter began the quest for the Orb.
     0 | D:1      | Reached XP level 1. HP: 19/19 MP: 1/1
    53 | D:1      | Reached XP level 2. HP: 26/26 MP: 2/2
   532 | D:1      | Reached XP level 3. HP: 24/33 MP: 3/3
  1033 | D:2      | Found a white marble altar of Elyvilon.
  1086 | D:2      | Found a faded altar of an unknown god.
  1147 | D:2      | Reached XP level 4. HP: 32/40 MP: 4/4
  1393 | D:3      | Noticed teukkam's ghost (weakling GnWn)
  1405 | D:3      | Killed teukkam's ghost
  1666 | D:3      | Found a white marble altar of Elyvilon.
  1688 | D:3      | Reached XP level 5. HP: 29/46 MP: 5/5
  1922 | D:3      | Found a glowing golden altar of the Shining One.
  1955 | D:3      | Became a worshipper of the Shining One
  2603 | D:4      | Noticed an ogre
  2622 | D:4      | Killed an ogre
  2622 | D:4      | Reached skill level 1 in Maces & Flails
  2622 | D:4      | Reached skill level 4 in Shields
  2735 | D:4      | Reached XP level 6. HP: 23/53 MP: 6/6
  3676 | D:4      | Your scales start taking on a dull iron-grey colour.
  3676 | D:4      | Reached XP level 7. HP: 45/60 MP: 7/7
  3676 | D:4      | Gained mutation: You can survive without breathing. [Grey Draconian growth]
  3766 | D:4      | Noticed Dowan
  3768 | D:4      | Noticed Duvessa
  3768 | D:4      | Reached * piety under the Shining One
  3780 | D:4      | Killed Dowan
  3814 | D:4      | Killed Duvessa
  3814 | D:4      | Reached skill level 5 in Fighting
  3814 | D:4      | Reached skill level 5 in Shields
  3970 | D:4      | Found a staircase to the Ecumenical Temple.
  4256 | D:5      | Entered Level 5 of the Dungeon
  4566 | D:5      | Noticed RexLacerta's ghost (amateur MfIE)
  4611 | D:5      | Killed RexLacerta's ghost
  4611 | D:5      | Reached skill level 1 in Invocations
  4611 | D:5      | Reached XP level 8. HP: 6/68 MP: 7/9
  5129 | D:5      | Reached skill level 1 in Spellcasting
  5212 | D:6      | Found Dazipn's Jewellery Shoppe.
  5214 | D:6      | Found Ziad's Food Boutique.
  5248 | D:6      | Reached skill level 5 in Maces & Flails
  5364 | D:6      | Reached skill level 5 in Dodging
  5365 | D:6      | Reached ** piety under the Shining One
  5510 | D:6      | Reached skill level 6 in Shields
  5545 | D:6      | Found Watt's Antique Armour Boutique.
  5550 | D:6      | Bought a pair of runed boots for 187 gold pieces
  5555 | D:6      | Identified a +0 pair of boots of running (You bought it in a shop on level 6 of the Dungeon)
  5821 | D:6      | Noticed Menkaure
  5833 | D:6      | Killed Menkaure
  6396 | D:7      | Reached XP level 9. HP: 66/75 MP: 11/11
  6568 | D:7      | Found a sparkling altar of Nemelex Xobeh.
  6901 | D:7      | Noticed Pikel
  6940 | D:7      | Killed Pikel
  7049 | D:7      | Found a radiant altar of Vehumet.
  7224 | D:7      | Found an ancient bone altar of Kikubaaqudgha.
  7351 | D:8      | Reached skill level 7 in Shields
  7354 | D:8      | Noticed Grum
  7379 | D:8      | Killed Grum
  7827 | D:8      | Noticed Maurice
  7831 | D:8      | Learned a level 2 spell: Shroud of Golubria
  7847 | D:8      | Killed Maurice
  7950 | D:8      | Reached XP level 10. HP: 80/84 MP: 14/14
  8314 | D:8      | Reached *** piety under the Shining One
  8353 | D:8      | Found an ancient bone altar of Kikubaaqudgha.
  8356 | D:8      | Found a blossoming altar of Fedhas.
  8412 | D:8      | Noticed teukkam's ghost (novice GnWn)
  8421 | D:9      | Found a staircase to the Orcish Mines.
  8686 | D:9      | Found a sparkling altar of Nemelex Xobeh.
  9147 | D:9      | Noticed a two-headed ogre
  9180 | D:10     | Entered Level 10 of the Dungeon
  9190 | D:9      | Noticed a two-headed ogre
  9233 | D:9      | Noticed a rakshasa
  9243 | D:9      | Noticed a two-headed ogre
  9243 | D:9      | Reached **** piety under the Shining One
  9543 | D:10     | Noticed a two-headed ogre
  9569 | D:10     | Killed a two-headed ogre
  9569 | D:10     | Reached skill level 8 in Shields
  9614 | D:10     | Slain by an orc warrior

Vault maps used:
D:1:      dpeg_arrival_yet_another_circle, minmay_nonomino_d4
D:2:      lemuel_doored_altar, chequers_ecumenical_altar_twisty,
          grunt_ministairs_11
D:3:      nicolae_tso_carved_into_rock, first_bread, elyvilon_altar_5
D:4:      black_bear_nest_1, minmay_temple_entry_glassed_door, uniq_duvessa
D:6:      serial_shops, kennysheep_little_box, shop, shop, uniq_menkaure
D:7:      nicolae_overflow_hidden_temple, vehumet_statue, grunt_ogre_cave,
          tgw_kikubaaqudgha, uniq_pikel
D:8:      grunt_temple_overflow_growth_and_decay, uniq_grum, uniq_maurice
D:9:      hangedman_cross_cluster, minmay_orc_entry_temple_small, basic_altar
D:10:     lair_entry_dummy, kennysheep_cross_room, nrook_mini_vaults,
          grunt_decor_cap, uniq_harold, uniq_psyche, uniq_fannar

Skill      XL: |  1  2  3  4  5  6  7  8  9 10 |
---------------+-------------------------------+-----
Dodging        | 3 4 5 6 7 |  7.2
Fighting       | 4 5 6 |  6.9
Axes           | 3 |  3.5
Maces & Flails | 1 3 4 6 7 |  7.8
Shields        | 4 5 6 7 8 |  8.2
Invocations    | 1 2 3 4 |  4.2
Spellcasting   | 1 2 3 |  3.3

Action                   |  1- 3 |  4- 6 |  7- 9 | 10-12 || total
-------------------------+-------+-------+-------+-------++-------
Melee: War axe           |   102 |    44 |       |       ||   146
       Tailslap          |    10 |    34 |   129 |    39 ||   212
       Whip              |       |   176 |   735 |   257 ||  1168
  Use: Scroll            |     2 |     4 |     4 |       ||    10
       Potion            |       |       |     2 |     1 ||     3
  Eat: Chunk             |     1 |    18 |    25 |     5 ||    49
Armor: Skin              |    34 |    52 |   287 |    76 ||   449
Dodge: Dodged            |    49 |    92 |   356 |   141 ||   638
Block: Shield            |    54 |    95 |   362 |   189 ||   700

Table legend:
 A = Spawn XP
 B = Non-spawn XP
 C = Spawn XP percentage of total XP
 D = Spawn monster count
 E = Non-spawn monster count
 F = Spawn count percentage of total count
 G = Total turns spent on level
                    A         B        C        D         E        F      G
               +---------+---------+-------+---------+---------+-------+---------
         Total |       0 |    7988 |   0.0 |       0 |     187 |   0.0 |  9614
               +---------+---------+-------+---------+---------+-------+---------
           D:1 |       0 |      45 |   0.0 |       0 |      22 |   0.0 |   736
           D:2 |       0 |      79 |   0.0 |       0 |      17 |   0.0 |   657
           D:3 |       0 |     123 |   0.0 |       0 |      12 |   0.0 |  1115
           D:4 |       0 |     861 |   0.0 |       0 |      24 |   0.0 |  1748
           D:5 |       0 |     665 |   0.0 |       0 |      18 |   0.0 |   956
           D:6 |       0 |     702 |   0.0 |       0 |      15 |   0.0 |   957
           D:7 |       0 |    1534 |   0.0 |       0 |      26 |   0.0 |  1115
           D:8 |       0 |    2066 |   0.0 |       0 |      27 |   0.0 |  1199
           D:9 |       0 |     655 |   0.0 |       0 |      14 |   0.0 |   828
          D:10 |       0 |    1258 |   0.0 |       0 |      12 |   0.0 |   303
               +---------+---------+-------+---------+---------+-------+---------
